 Dungeon Crawl Stone Soup version 0.31-a0-949-g57150269e1 (webtiles) character file.

Game seed: 14729639364799128360

469 EonDragon20 the Chiller (level 7, -1/46 HPs)
             Began as a Merfolk Ice Elementalist on Oct 22, 2023.
             Was an Initiate of Sif Muna.
             Slain by a shadow imp (4 damage)
             ... summoned by Eustachio
             ... on level 4 of the Dungeon.
             The game lasted 00:17:57 (4943 turns).

EonDragon20 the Chiller (Merfolk Ice Elementalist)  Turns: 4943, Time: 00:18:03

Health: -1/46      AC:  2    Str:  8    XL:     7   Next: 9%
Magic:  1/12       EV: 14    Int: 17    God:    Sif Muna [......]
Gold:   231        SH:  0    Dex: 14    Spells: 4/12 levels left

rFire   . . .        (no weapon)
rCold   . . .        (no shield)
rNeg    . . .        a - +0 robe
rPois   .            (no helmet)
rElec   .            (no cloak)
rCorr   +            (no gloves)
SInv    .            (no boots)
Will    .....        (no amulet)
Stlth   +++          j - ring of resist corrosion
HPRegen 0.27/turn    (no ring)
MPRegen 0.13/turn

%: no passive effects
@: freezing walls, very slightly contaminated
A: (nimble swimmer 2), mertail
a: Renounce Religion


You were on level 4 of the Dungeon.
You worshipped Sif Muna.
Sif Muna was noncommittal.
You visited 1 branch of the dungeon, and saw 4 of its levels.

You collected 231 gold pieces.

Inventory:

Armour
 a - a +0 robe (worn)
Jewellery
 j - a ring of resist corrosion (left hand)
Scrolls
 c - 2 scrolls of identify {unknown}
Potions
 b - a potion of magic
 d - 2 potions of degeneration {unknown}
 e - 2 potions of heal wounds {unknown}
 f - 2 potions of attraction {unknown}
 g - a potion of mutation {unknown}
 h - a potion of lignification {unknown}
 i - a potion of curing {unknown}
 k - a potion of resistance {unknown}


   Skills:
 + Level 4.9 Dodging
 + Level 4.3 Stealth
 + Level 3.4 Spellcasting
 * Level 6.6 Ice Magic


You had 4 spell levels left.
You knew the following spells:

 Your Spells              Type           Power      Damage    Failure   Level
a - Freeze                Ice            100%       1d10      1%          1
b - Frozen Ramparts       Ice            50%        1d8       3%          3
c - Summon Ice Beast      Ice/Summ       14%        N/A       38%         4

Your spell library contained the following spells:

 Spells                   Type           Power      Damage    Failure   Level
 Ozocubu's Armour         Ice            25%        N/A       3%          3
 Blink                    Tloc           4%         N/A       26%         2
 Lesser Beckoning         Tloc           4%         N/A       26%         2
 Momentum Strike          Conj/Tloc      4%         3d8       26%         2
 Ozocubu's Refrigeration  Ice            12%        4d10      100%        7
 Polar Vortex             Ice            12%        12d1*     100%        9


Dungeon Overview and Level Annotations

Branches:
Dungeon (4/15)
 Temple: D:4-7

Altars:
Sif Muna

Annotations:
D:4 Eustachio


Innate Abilities, Weirdness & Mutations

((You are very nimble when in or above water. (Stealth+, EV+, Speed+++)))
Your lower body shifts to a powerful aquatic tail in water.


Message History

The iron imp completely misses you.
Casting: Summon Ice Beast (quite dangerous; 38% risk of failure)
Confirm with . or Enter, or press ? or * to list all spells.
Okay, then.
Magic courses through your body.
The shadow imp resists.
The wall freezes the shadow imp.
The shadow imp barely misses you.
Casting: Summon Ice Beast (quite dangerous; 38% risk of failure)
Confirm with . or Enter, or press ? or * to list all spells.
You miscast Summon Ice Beast.
A chorus of moans calls out in your mind.
A nameless horror comes into view.
The iron imp completely resists.
The wall freezes the iron imp but does no damage.
The iron imp misses you.
The shadow imp completely resists.
The wall freezes the shadow imp but does no damage.
The shadow imp gestures at you.
You struggle to resist.
Casting: Summon Ice Beast (quite dangerous; 38% risk of failure)
Confirm with . or Enter, or press ? or * to list all spells.
You miscast Summon Ice Beast.
You are encased in ice!
* * * LOW HITPOINT WARNING * * *
The iron imp resists.
The wall freezes the iron imp.
The iron imp misses you.
The shadow imp completely resists.
The wall freezes the shadow imp but does no damage.
The shadow imp gestures at you. Pain shoots through your body!
* * * LOW HITPOINT WARNING * * *
The wall freezes the nameless horror.
Press: ? - help, v - describe, . - travel
Here: a nameless horror (lightly damaged, durably summoned)
A fountain of clear blue water.
Casting: Summon Ice Beast (quite dangerous; 38% risk of failure)
Confirm with . or Enter, or press ? or * to list all spells.
A chill wind blows around you.
The wall freezes Eustachio.
The wall freezes the iron imp but does no damage.
The iron imp hits you.
* * * LOW HITPOINT WARNING * * *
The wall freezes the shadow imp but does no damage.
The shadow imp hits you.
You die...

........#.§........# #.......#
...................# #.......##
#...)....#.....#..## #.........
#.#....##.###.#.##.## #.......##
###...##.⌠.###.♣.##.## #.....~..~
##...####.#.###.####.###...~~~≈~~
#....#.###.#.#.#.#Y#...#...~~~≈~~
#...#.⌠.###.⌠.###5X.#.([...~≈≈~≈~
#....#.#.###.#.#@#.#...####≈~~≈~≈
#..#.####.#.###5####..## #≈~~≈#.
#.....##.⌠.###@8.##.#)# ###≈≈≈≈#.
.......##.###.#.##....###.#≈≈≈≈#.
....###..#.....#...##.....##≈≈≈##
.......................######≈##.
....................#### #≈##.
#.....#####......<###############
##.#....##.................####.#


You could see a nameless horror, Eustachio, an iron imp (summoned), a shadow imp
(summoned, ally target) and a friendly ice beast (summoned).

Vanquished Creatures
  Sigmund (D:4)
  An orc priest (D:3)
  An iguana (D:4)
  2 orc wizards
  5 adders
  A worm (D:2)
  A dart slug (D:1)
  8 orcs
  4 ball pythons
  5 bats
  3 endoplasms
  2 giant cockroaches
  7 hobgoblins
  4 jackals
  6 kobolds
  2 quokkas
  8 frilled lizards
  7 goblins
  6 rats
74 creatures vanquished.

Vanquished Creatures (collateral kills)
  A phantom (D:4)
1 creature vanquished.

Grand Total: 75 creatures vanquished

Notes
Turn   | Place    | Note
-------+----------+-------------------------------------------
     0 | D:1      | EonDragon20 the Merfolk Ice Elementalist began the quest
                  | for the Orb.
     0 | D:1      | Reached XP level 1. HP: 13/13 MP: 3/3
   416 | D:1      | Reached XP level 2. HP: 19/19 MP: 1/5
  1359 | D:2      | Reached XP level 3. HP: 24/24 MP: 3/6
  1692 | D:2      | Reached skill level 5 in Ice Magic
  1887 | D:2      | Reached XP level 4. HP: 20/30 MP: 2/7
  2275 | D:2      | You fall into a shaft and drop 1 floor!
  2576 | D:2      | Identified a scroll of acquirement
  2576 | D:2      | Identified the of Poesiun (You acquired it on level 2 of
                  | the Dungeon)
  2576 | D:2      | Acquired the Almanac of the Icicle
  3389 | D:3      | Learned a level 3 spell: Frozen Ramparts
  3430 | D:4      | Identified the of Lote
  3430 | D:4      | Identified the "Juxant"
  3430 | D:4      | Identified the of Mythom
  3493 | D:4      | Noticed Sigmund
  3536 | D:4      | Noticed Eustachio
  3646 | D:4      | Noticed a phantom
  3660 | D:4      | Reached XP level 5. HP: 35/35 MP: 6/9
  4125 | D:4      | Learned a level 4 spell: Summon Ice Beast
  4234 | D:4      | Killed Sigmund
  4235 | D:4      | Reached skill level 6 in Ice Magic
  4235 | D:4      | Reached XP level 6. HP: 19/41 MP: 1/10
  4628 | D:4      | HP: 2/41 [phantom (2)]
  4634 | D:4      | Reached XP level 7. HP: 3/46 MP: 8/12
  4826 | D:4      | Found a shimmering blue altar of Sif Muna.
  4837 | D:4      | Became a worshipper of Sif Muna the Loreminder
  4941 | D:4      | Noticed a nameless horror
  4943 | D:4      | Slain by a shadow imp

Illustrated notes

Levels and vault maps discovered:
D:1:      dpeg_arrival_lava_temple_mockup, layout_basic
D:2:      layout_loops_cross
D:3:      layout_loops_ring
D:4:      layout_rooms, nicolae_sif_muna_little_library,
          chequers_serial_rivers_large_a, dreamdust_princess_corridor,
          grunt_decor_mini_mirrors, uniq_sigmund, uniq_eustachio

Skill      XL: |  1  2  3  4  5 |
---------------+----------------+-----
Dodging        | 3 4 |  4.9
Ice Magic      | 5 6 |  6.6
Stealth        | 3 4 |  4.3
Spellcasting   | 3 |  3.4

Action                     |  1- 3 |  4- 6 |  7- 9 || total
---------------------------+-------+-------+-------++-------
  Melee: Unarmed           |     1 |    17 |       ||    18
   Cast: Freeze            |    65 |    85 |     3 ||   153
         Frozen Ramparts   |       |     4 |     1 ||     5
         Summon Ice Beast  |       |     3 |     1 ||     4
    Use: Scroll            |     3 |     3 |       ||     6
         Potion            |       |     1 |     1 ||     2
 Armour: Robe              |    24 |    63 |     5 ||    92
  Dodge: Dodged            |    60 |    52 |     8 ||   120

Table legend: (Time is in decaauts)
 A = Elapsed time spent in this place.
 B = Non-inter-level travel time spent in this place.
 C = Inter-level travel time spent in this place.
 D = Time resting spent in this place.
 E = Time spent auto-exploring this place.
 F = Levels seen in this place.
 G = Mean time per level.
                   A        B        C        D        E       F      G
               +--------+--------+--------+--------+--------+-----+--------+
         Total |   4935 |   4745 |    190 |   1239 |   2394 |   4 | 1233.8 |
       Dungeon |   4935 |   4745 |    190 |   1239 |   2394 |   4 | 1233.8 |
               +--------+--------+--------+--------+--------+-----+--------+

Top non-repeatable levels by time:
     D:3: 1389 daAuts
     D:1: 1347 daAuts
     D:2: 1211 daAuts
     D:4: 986 daAuts
